 Dungeon Crawl Stone Soup version 0.28.0-43-g3370ac3207 (webtiles) character file.

Game seed: 9403033506754632319

70 pkoi the Gusty (level 4, -9/21 HPs)
             Began as a Spriggan Air Elementalist on Mar 8, 2022.
             Mangled by Sigmund
             ... wielding a +5 scythe of venom
              (11 damage)
             ... on level 3 of the Dungeon.
             The game lasted 00:03:39 (2513 turns).

pkoi the Gusty (Spriggan Air Elementalist)          Turns: 2513, Time: 00:03:39

Health: -9/21      AC:  4    Str:  4    XL:     4   Next: 4%
Magic:  4/9        EV: 17    Int: 18    God:
Gold:   53         SH:  0    Dex: 15    Spells: 7/8 levels left

rFire   . . .      SeeInvis +   e - +0 club
rCold   . . .      Faith    .   (no shield)
rNeg    . . .      Spirit   .   a - +0 robe
rPois   .          Reflect  .   b - +2 hat
rElec   .          Harm     .   (no cloak)
rCorr   .          Rampage  .   (gloves unavailable)
Will    .....                   (boots unavailable)
Stlth   +.........              (no amulet)
HPRegen 0.07/turn               (no ring)
MPRegen 0.11/turn               (no ring)

@: confused, very quick
A: very small, no large weapons, unfitting armour, see invisible, speed 3
a: no special abilities


You were on level 3 of the Dungeon.
You visited 1 branch of the dungeon, and saw 3 of its levels.

You collected 64 gold pieces.
You spent 11 gold pieces at shops.

Inventory:

Hand Weapons
 e - a +0 club (weapon)
 k - a +1 dagger of pain
Missiles
 l - 2 poisoned darts
Armour
 a - a +0 robe (worn)
 b - a +2 hat (worn)
Scrolls
 c - a scroll of noise {unknown}
 g - 2 scrolls of immolation {unknown}
 i - a scroll of blinking {unknown}
 j - a scroll of teleportation
Potions
 d - a potion of curing {unknown}
 f - a potion of magic {unknown}
 h - 2 potions of mutation {unknown}


   Skills:
 - Level 2.6 Dodging
 - Level 3.0 Stealth
 - Level 2.6 Spellcasting
 - Level 0.6 Conjurations
 + Level 4.5 Air Magic


You had 7 spell levels left.
You knew the following spells:

 Your Spells              Type           Power      Damage    Failure   Level
a - Shock                 Conj/Air       44%        1d5       6%          1

Your spell library contained the following spells:

 Spells                   Type           Power      Damage    Failure   Level
 Swiftness                Air            18%        N/A       8%          3
 Static Discharge         Conj/Air       11%        N/A       9%          2
 Airstrike                Air            9%         N/A       26%         4


Dungeon Overview and Level Annotations

Branches:
Dungeon (3/15)

Altars:
Trog

Shops:
D:2 (*[

Annotations:
D:3 Sigmund


Innate Abilities, Weirdness & Mutations

You are very small and have problems with some larger weapons.
You are too small for most types of armour.
You have supernaturally acute eyesight. (SInv)
You cover ground extremely quickly. (Speed+++)


Message History

Press: ? - help, Q - select action, (/) - cycle Shift-Dir - straight line, p - Sigmund You miscast Shock.
You are very lightly contaminated with residual magic.
Nothing appears to happen.
Sigmund says, "Look into my eyes."
Sigmund gestures at you while chanting. The puff of flame hits you!
* * * LOW HITPOINT WARNING * * *
Your magical contamination has completely faded away.
There is a stone staircase leading up here.
You start resting.
Sigmund is nearby!
Aiming: Shock (safe; 6% risk of failure)
Press: ? - help, Q - select action, (/) - cycle Shift-Dir - straight line, f - Sigmund
Aim: Sigmund, wielding a +5 scythe of venom and wearing a +0 robe (moderately wounded, 64% to hit)
The zap hits Sigmund.
Sigmund is heavily wounded.
Aiming: Shock (safe; 6% risk of failure)
Press: ? - help, Q - select action, (/) - cycle Shift-Dir - straight line, f/p - Sigmund
Aim: Sigmund, wielding a +5 scythe of venom and wearing a +0 robe (heavily wounded, 64% to hit)
The zap hits Sigmund.
Sigmund is heavily wounded.
Aiming: Shock (safe; 6% risk of failure)
Press: ? - help, Q - select action, (/) - cycle Shift-Dir - straight line, f/p - Sigmund
Aim: Sigmund, wielding a +5 scythe of venom and wearing a +0 robe (heavily wounded, 64% to hit)
The zap hits Sigmund.
Sigmund is severely wounded.
Sigmund points at you and mumbles some strange words.
You are confused.
Sigmund gestures at you while chanting. The magic dart hits you!
* * * LOW HITPOINT WARNING * * *
In your confused state, you trip and fall back down the stairs.
* * * LOW HITPOINT WARNING * * *
In your confused state, you trip and fall back down the stairs.
* * * LOW HITPOINT WARNING * * *
Sigmund barely misses you.
Sigmund hits you from afar with a +5 scythe of venom!
Ouch! That really hurt!
You die...

#.#####.#
#...#...#######
###.#.####.....
####.#.รท........
######....#####.@....
#.............#......
#.####@######.#...@..
#.#.......# # #......
#...@...#.###.##)....
###..................
######
#.###.#.#######.###
#....# ####.# .#...
....## #....# #....#
.# ### ##.#.## #....#
#.##>....... .. ...
#....###.##########
### ##. #........# .
#........####


You could see Sigmund.

Vanquished Creatures
  4 adders
  2 dart slugs
  An orc (D:3)
  5 bats
  4 endoplasms
  3 giant cockroaches
  A goblin (D:1)
  2 hobgoblins (D:1)
  2 kobolds
  A quokka (D:3)
  A ball python (D:2)
  A frilled lizard (D:1)
  2 rats
  A toadstool (D:1)
30 creatures vanquished.

Vanquished Creatures (others)
  3 plants
  4 toadstools (D:1)
7 creatures vanquished.

Grand Total: 37 creatures vanquished

Notes
Turn   | Place    | Note
-------+----------+-------------------------------------------
     0 | D:1      | pkoi the Spriggan Air Elementalist began the quest for the
                  | Orb.
     0 | D:1      | Reached XP level 1. HP: 9/9 MP: 5/5
   404 | D:1      | Reached skill level 3 in Air Magic
   429 | D:1      | Found a faded altar of an unknown god.
   623 | D:1      | Reached XP level 2. HP: 13/13 MP: 2/6
  1208 | D:2      | Reached XP level 3. HP: 16/16 MP: 0/8
  1344 | D:2      | Found Xurhif's General Store.
  1352 | D:2      | Bought a potion of degeneration for 11 gold pieces
  1365 | D:2      | Found Jonaix's Armour Shoppe.
  1509 | D:2      | Found Rerr's Weapon Boutique.
  1525 | D:2      | Reached skill level 4 in Air Magic
  1915 | D:2      | Found a bloodstained altar of Trog.
  2254 | D:3      | Reached XP level 4. HP: 21/21 MP: 2/9
  2456 | D:3      | Identified the +1 leather armour of Nuiq {rCorr}
  2458 | D:3      | Noticed Sigmund
  2513 | D:3      | Mangled by Sigmund

Illustrated notes

Levels and vault maps discovered:
D:1:      ldierk_walled_garden, layout_loops_cross,
          hellmonk_ecumenical_altar_run_dry, minmay_liquid_box
D:2:      layout_basic, basic_altar, serial_shops,
          nicolae_shop_bloodbath_and_beyond, nicolae_shop_statue_plus,
          nicolae_shop_waterfront, minmay_misc_feat_plants
D:3:      layout_basic, minmay_cupped, uniq_sigmund

Skill      XL: |  1  2  3 |
---------------+----------+-----
Air Magic      | 3 4 |  4.5
Dodging        | |  2.6
Stealth        | |  3.0
Spellcasting   | |  2.6
Conjurations   | |  0.6

Action                   |  1- 3 |  4- 6 || total
-------------------------+-------+-------++-------
Melee: Club              |     5 |       ||     5
 Cast: Shock             |    76 |    10 ||    86
  Use: Scroll            |     1 |       ||     1
Armor: Robe              |     3 |       ||     3
Dodge: Dodged            |    16 |     1 ||    17
